 Dungeon Crawl Stone Soup version 0.31-a0-204-g7da18cac08 (webtiles) character file.

Game seed: 17473876448707639669

96 qw the Shooter (level 4, -4/25 HPs)
             Began as a Deep Elf Hunter on June 27, 2023.
             Slain by Grinder (5 damage)
             ... on level 3 of the Dungeon.
             The game lasted 00:00:30 (1195 turns).

qw the Shooter (Deep Elf Hunter)                    Turns: 1195, Time: 00:00:31

Health: -4/25      AC:  4    Str: 10    XL:     4   Next: 41%
Magic:  6/6        EV: 12    Int: 14    God:
Gold:   75         SH:  0    Dex: 18    Spells: 3/3 levels left

rFire   . . .        Y - +0 shortbow
rCold   + . .        (shield currently unavailable)
rNeg    . . .        i - +1 leather armour {rC+}
rPois   .            (no helmet)
rElec   .            (no cloak)
rCorr   .            (no gloves)
SInv    .            (no boots)
Will    .....        (no amulet)
Stlth   ++           (no ring)
HPRegen 0.24/turn    (no ring)
MPRegen 0.10/turn

%: no passive effects
@: no status effects
A: no striking features
a: no special abilities


You were on level 3 of the Dungeon.
You visited 1 branch of the dungeon, and saw 3 of its levels.

You collected 75 gold pieces.


   Skills:
 - Level 1.5 Fighting
 + Level 7.8 Ranged Weapons
 - Level 2.4 Dodging
 - Level 1.2 Stealth


You had 3 spell levels left.
You didn't know any spells.
Your spell library was empty.

Inventory:

Hand Weapons
 Y - a +0 shortbow (weapon)
Armour
 g - a +0 ring mail
 i - a +1 leather armour of cold resistance (worn)
Scrolls
 a - a scroll of identify
Potions
 d - a potion of might
 f - a potion of haste

Dungeon Overview and Level Annotations

Branches:
Dungeon (3/15)

Altars:
Uskayaw

Shops:
D:1 [

Annotations:
D:3 Grinder


Message History

You shoot an arrow. The arrow hits the ball python.
You kill the ball python!
You open the door.
A sourceless malevolence fills the Dungeon... and a teleportation trap spontaneously manifests!
You are yanked towards some nearby monsters!
Your surroundings suddenly seem different.
Grinder and 2 jackals come into view.
Found three items.
The jackal barks!
A jackal comes into view.
You shoot an arrow.
Grinder shouts!
The jackal barks! x2
The arrow hits Grinder.
Grinder is lightly wounded.
You shoot an arrow. The arrow closely misses the jackal. x2
You shoot an arrow. The arrow closely misses the jackal.
You shoot an arrow. The arrow completely misses the jackal.
The arrow barely misses the jackal.
A jackal comes into view.
Grinder blinks!
You shoot an arrow. The arrow barely misses Grinder.
You shoot an arrow. The arrow hits Grinder.
Grinder is lightly wounded.
The jackal barely misses you. The jackal bites you. Grinder hits you.
You writhe in agony.
You shoot an arrow. The arrow hits Grinder!
Grinder is heavily wounded.
The jackal closely misses you.
The jackal bites you. x2; Grinder hits you.
You writhe in agony.
The jackal barely misses you. The jackal closely misses you.
The jackal barely misses you.
You shoot an arrow. The arrow hits Grinder!
Grinder is severely wounded.
The jackal barely misses you. The jackal bites you. Grinder barely misses you.
You shoot an arrow.
The arrow hits Grinder but does no damage.
Grinder is severely wounded.
The jackal bites you but does no damage.
The jackal misses you. The jackal completely misses you.
The jackal closely misses you. Grinder hits you.
You writhe in agony.
You die...

#.##.##
###.#..!#
........
#.#...#####
# .........
..?##.....#
?.....hh5.#
#..h@..#
##.8h.##
##...#
##..# ##.#
.# .. .#


You could see Grinder and 4 jackals.

Vanquished Creatures
  Jessica (D:2)
  4 adders (D:2)
  2 dart slugs (D:2)
  5 endoplasms
  3 giant cockroaches
  2 goblins (D:1)
  2 hobgoblins (D:1)
  5 ball pythons
  3 bats (D:1)
  4 rats
31 creatures vanquished.

Notes
Turn   | Place    | Note
-------+----------+-------------------------------------------
     0 | D:1      | qw the Deep Elf Hunter began the quest for the Orb.
     0 | D:1      | Reached XP level 1. HP: 12/12 MP: 3/3
     0 | D:1      | 0 ||| qw: Version: 0.3-a-22-g0ed2b0b
     0 | D:1      | 0 ||| qw: Game counter: 6382
     0 | D:1      | 0 ||| qw: Melee chars always use a shield: true
     0 | D:1      | 0 ||| qw: God list: Okawaru
     0 | D:1      | 0 ||| qw: Allow faded altars: false
     0 | D:1      | 0 ||| qw: Do Orc after clearing Dungeon:15 true
     0 | D:1      | 0 ||| qw: Do second Lair branch before Depths: true
     0 | D:1      | 0 ||| qw: Lair rune preference: random
     0 | D:1      | 0 ||| qw: Goals: Normal
     0 | D:1      | 0 ||| PLANNING D:1-11
   214 | D:1      | Found a faded altar of an unknown god.
   222 | D:1      | Reached skill level 6 in Ranged Weapons
   222 | D:1      | Reached XP level 2. HP: 16/16 MP: 4/4
   367 | D:1      | Found Eweuw's Antique Armour Shoppe.
   392 | D:1      | 392 ||| SHOPLISTING helmet (139 gold, have 51).
   392 | D:1      | 392 ||| SHOPLISTING pair of bloodstained boots (294 gold,
                  | have 51).
   392 | D:1      | 392 ||| SHOPLISTING tattered robe (176 gold, have 51).
   651 | D:1      | 651 ||| UPGRADING to +0 ring mail.
   661 | D:1      | 661 ||| DROPPING +0 leather armour.
   662 | D:1      | 662 ||| UPGRADING to +1 leather armour of cold resistance.
   672 | D:1      | 672 ||| READING 3 scrolls labelled TAITHA ROEPN.
   673 | D:1      | 673 ||| READING 2 scrolls labelled NIHEISAYSUNG.
   674 | D:1      | 674 ||| DRINKING 2 purple potions.
   675 | D:1      | 675 ||| READING 2 scrolls of identify.
   675 | D:1      | 675 ||| IDENTIFYING red potion
   676 | D:1      | 676 ||| DROPPING scroll of butterflies.
   677 | D:1      | 677 ||| DROPPING potion of brilliance.
   678 | D:1      | 678 ||| DROPPING scroll of amnesia.
   741 | D:2      | Found a hide-covered altar of Uskayaw.
   796 | D:2      | Reached XP level 3. HP: 15/20 MP: 5/5
   887 | D:2      | Reached skill level 7 in Ranged Weapons
   959 | D:2      | Noticed Jessica
   961 | D:2      | Killed Jessica
   962 | D:2      | Reached XP level 4. HP: 25/25 MP: 6/6
  1130 | D:2      | 1130 ||| DROPPING scarf of invisibility.
  1131 | D:2      | 1131 ||| READING scroll labelled OGYNIU LEEQ.
  1132 | D:2      | 1132 ||| READING scroll labelled IDGHAZ YKHLAN.
  1133 | D:2      | 1133 ||| READING scroll labelled LEPPIRAOLY.
  1137 | D:2      | 1137 ||| READING 3 scrolls of identify.
  1137 | D:2      | 1137 ||| IDENTIFYING inky potion
  1138 | D:2      | 1138 ||| READING 2 scrolls of identify.
  1138 | D:2      | 1138 ||| IDENTIFYING white potion
  1139 | D:2      | 1139 ||| DROPPING potion of attraction.
  1186 | D:3      | Noticed Grinder
  1195 | D:3      | HP: 1/25 [Grinder (6)]
  1195 | D:3      | Slain by Grinder

Levels and vault maps discovered:
D:1:      psy_arrival_spokes, layout_loops_cross, ebering_ecumenical_altar_hall,
          serial_shops, shop, minmay_hedge_maze, minmay_misc_feat_five
D:2:      layout_rooms, basic_altar, uniq_jessica
D:3:      layout_loops_corners, nicolae_overflow_ecumenical_swirl,
          minmay_misc_feat_roman, uniq_grinder, uniq_crazy_yiuf_cottage,
          uniq_robin, uniq_natasha, uniq_sigmund

Skill      XL: |  1  2  3 |
---------------+----------+-----
Ranged Weapons | 6 7 |  7.8
Fighting       | |  1.5
Dodging        | |  2.4
Stealth        | |  1.2

Action                     |  1- 3 |  4- 6 || total
---------------------------+-------+-------++-------
   Fire: Shortbow          |    72 |    24 ||    96
    Use: Scroll            |     3 |     5 ||     8
         Potion            |     1 |       ||     1
 Armour: Leather armour    |     4 |     3 ||     7
  Dodge: Dodged            |    13 |    11 ||    24

Table legend:
 A = Non-vault XP
 B = Vault XP
 C = Vault XP percentage of total XP
 D = Non-vault monster count
 E = Vault monster count
 F = Vault count percentage of total count
                 A         B        C        D         E       F
            +---------+---------+-------+---------+---------+-------
      Total |     101 |      37 |  26.8 |      30 |       1 |   3.2
            +---------+---------+-------+---------+---------+-------
        D:1 |      28 |       0 |   0.0 |      18 |       0 |   0.0
        D:2 |      71 |      37 |  34.3 |      11 |       1 |   8.3
        D:3 |       2 |       0 |   0.0 |       1 |       0 |   0.0
            +---------+---------+-------+---------+---------+-------
